Map: Dusk Towers

Players

wilickeR

  • Race: Terran Terran
  • League: Master

LilDicky - Winner!

  • Race: Terran Terran
  • League: Diamond

VOD

http://www.twitch.tv/tumescentpie

Description

Time

  • Played on: Jan. 1, 2016, 7:53 p.m.
  • Length: 6:00
Show
View Real Time Build Order
Export as new Build Order

wilickeR Terran 

Build Orders: Banshee Rush 

Get SALT Encoding   

  12  0:01  SCV  
  13  0:13  SCV  
  14  0:17  Supply Depot  
  14  0:25  SCV  
  14  0:28  Refinery  
  15  0:39  SCV  
  16  0:48  Barracks  
  16  0:53  SCV  
  17  1:05  SCV  
  18  1:18  SCV  
  19  1:35  Reaper  
  19  1:36  Orbital Command  
  20  1:50  Factory  
  20  1:53  Refinery  
  20  1:59  Supply Depot  
  20  2:02  SCV  
  21  2:14  SCV  
  22  2:18  Marine  
  23  2:25  Bunker  
  23  2:26  SCV  
  24  2:35  Starport  
  24  2:39  SCV  
  25  2:46  Factory Tech Lab  
  25  2:51  SCV  
  26  2:55  Marine  
  27  3:03  SCV  
  27  3:07  Command Center  
  27  3:15  SCV, Supply Depot  
  27  3:17  Widow Mine  
  27  3:19  Barracks Tech Lab  
  30  3:27  SCV, Cloaking Field  
  31  3:37  Banshee, Supply Depot  
  34  3:45  Engineering Bay  
  34  3:47  Stimpack  
  34  3:53  SCV  
  35  4:02  Supply Depot  
  35  4:05  SCV  
  35  4:06  Marauder  
  35  4:07  Factory Reactor  
  38  4:22  Orbital Command  
  38  4:29  Viking  
  40  4:34  Marauder  
  42  4:39  Bunker  
  42  4:55  Barracks  
  42  4:56  Barracks  
  42  4:59  SCV x2  
  44  5:03  Missile Turret  
  44  5:11  Marauder  
  44  5:13  Viking  
  46  5:33  SCV x2  
  47  5:45  SCV  
Show
View Real Time Build Order
Export as new Build Order

LilDicky Terran - Winner!

Build Orders: Liberator Opening 

Get SALT Encoding   

  12  0:01  SCV  
  13  0:13  SCV  
  14  0:18  Supply Depot  
  14  0:25  SCV  
  15  0:36  Refinery  
  15  0:40  SCV  
  16  0:45  Barracks  
  16  0:54  SCV  
  17  1:06  SCV  
  18  1:18  SCV  
  18  1:22  Refinery  
  19  1:30  SCV  
  20  1:43  Supply Depot, Marine  
  21  1:52  SCV  
  22  1:59  Factory  
  22  2:01  Marine  
  23  2:11  Orbital Command  
  23  2:19  Marine  
  24  2:33  Supply Depot  
  24  2:37  Marine  
  25  2:50  Factory Tech Lab  
  25  2:52  Starport  
  25  2:54  Marine  
  26  3:10  Liberator  
  26  3:11  Siege Tank  
  26  3:12  Marine  
  30  3:14  SCV  
  31  3:26  SCV  
  32  3:32  Marine  
  36  3:34  Supply Depot  
  36  3:43  SCV  
  37  3:51  Supply Depot, Marine  
  38  3:56  Siege Tank  
  38  3:58  SCV  
  42  4:09  Marine  
  43  4:10  Viking, Engineering Bay  
  43  4:13  Supply Depot  
  45  4:27  Marine  
  45  4:28  Siege Tank  
  49  4:37  SCV  
  50  4:42  Missile Turret  
  50  4:45  Marine  
  51  4:49  SCV, Viking  
  51  4:51  Command Center  
  54  5:06  SCV  
Tags
 
Add a new tag
Caveats
  • Supply blocks, unpowered buildings, or Contaminate may cause inaccurate times.
  • Supply counts are checked every 10 seconds.